 Dungeon Sprint DCSS version 0.29.1-2-gbd0b4ee654 (webtiles) character file.

Game seed: 6509890683503822739

1943 boopmooplesden the Fencer (level 8, -9/135 HPs)
             Began as a Minotaur Berserker on Nov 25, 2022.
             Was a High Priest of Trog.
             Mangled by a flying skull (11 damage)
             ... in the Dungeon (Sprint II: "The Violet Keep of Menkaure").
             The game lasted 00:02:36 (892 turns).

boopmooplesden the Fencer (Minotaur Berserker)       Turns: 892, Time: 00:02:36

Health: -9/135     AC: 10    Str: 24    XL:     8   Next: 98%
Magic:  7/7        EV: 12    Int:  4    God:    Trog [*****.]
Gold:   13         SH:  0    Dex: 10    Spells: 7/7 levels left

rFire   + . .      SeeInvis +   a - +0 falchion
rCold   . . .      Faith    .   (no shield)
rNeg    . . .      Spirit   .   i - +0 scale mail of Supple Strength {rF+ Str+2}
rPois   .          Reflect  .   (helmet restricted)
rElec   .          Harm     .   (no cloak)
rCorr   +          Rampage  .   (no gloves)
Will    .....      Rage     3%  (no boots)
Stlth   .......... NoTele   +   (no amulet)
HPRegen 0.32/turn               j - ring of Waiporch {Fly rCorr SInv Stlth+}
MPRegen 0.10/turn               (no ring)

@: berserking (expiring), flying, very quick
A: horns 2, retaliatory headbutt, iridescent scales 1, berserk 1, clumsy 1,
screaming 1, inability to read after injury 1
a: Renounce Religion, Berserk, Trog's Hand, Brothers in Arms


You were in the Dungeon.
You worshipped Trog.
Trog was extremely pleased with you.
You visited 1 branch You collected 729 gold pieces.
You spent 716 gold pieces at shops.

Inventory:

Hand Weapons
 a - a +0 falchion (weapon)
Armour
 b - a +0 animal skin
 i - the +0 scale mail of Supple Strength (worn) {rF+ Str+2}
   (You bought it in a shop in the Dungeon)

   Str:       It affects your strength (+2).
   rF:        It protects you from fire.
Jewellery
 j - the ring of Waiporch (left hand) {Fly rCorr SInv Stlth+}
   (You bought it in a shop in the Dungeon)

   [ring of see invisible]

   SInv:      It lets you see invisible.
   Fly:       It grants you flight.
   rCorr:     It protects you from acid and corrosion.
   Stlth:     It makes you more stealthy.
Scrolls
 h - a scroll of blinking
Potions
 c - a potion of curing
 d - a potion of heal wounds
 e - a potion of haste
 f - 2 potions of magic
 g - a potion of berserk rage


   Skills:
 + Level 14.4 Fighting
 + Level 16.4 Long Blades
 + Level 7.9 Armour
 + Level 7.4 Dodging
 + Level 0.6 Stealth


You had 7 spell levels left.
You didn't know any spells.
Your spell library was empty.

Dungeon Overview and Level Annotations

Branches:
Dungeon (1/1)

Altars:
Hepliaklqana
Qazlal
Ru
Sif Muna
Wu Jian
Xom
Yredelemnul
The Shining One
Jiyva

Shops:
D :?:==!=[*(?==[!

Annotations:
D exclusion: oklob plant, Roxanne


Innate Abilities, Weirdness & Mutations

You have a pair of horns on your head.
You reflexively headbutt those who attack you in melee.
You are partially covered in iridescent scales. (AC +2)
You sometimes lose your temper in combat.
You are clumsy. (Dex -2)
You occasionally shout uncontrollably at your foes.
You occasionally lose the ability to read scrolls when taking damage.


Message History

You are no longer poisoned.
The flying skull barely misses you.
You barely miss the flying skull. The flying skull closely misses you.
You furiously retaliate!
You headbutt the flying skull!
You are too berserk!
You slash the flying skull! Your headbutt misses the flying skull.
The flying skull is almost destroyed.
You barely miss the flying skull. You headbutt the flying skull.
You destroy the flying skull!
Trog accepts your kill.
Trog will now gift you melee weapons as you gain piety.
Your Fighting skill increases to level 14!
Your Long Blades skill increases to level 16!
You miss the flying skull. The flying skull closely misses you.
You slash the flying skull! Your headbutt misses the flying skull.
The flying skull is moderately damaged.
You slash the flying skull!
The flying skull is almost destroyed.
The flying skull barely misses you.
You hit the flying skull.
You destroy the flying skull!
Trog accepts your kill.
You slash the flying skull! Your punch misses the flying skull.
The flying skull is moderately damaged.
You closely miss the flying skull.
The flying skull is moderately damaged.
The flying skull misses you. You furiously retaliate!
You headbutt the flying skull, but do no damage.
You miss the flying skull.
The flying skull is moderately damaged.
The flying skull hits you!
* * * LOW HITPOINT WARNING * * *
Unknown command.
You miss the flying skull. Your headbutt misses the flying skull.
The flying skull is moderately damaged.
Unknown command.
You closely miss the flying skull.
The flying skull is moderately damaged.
The flying skull hits you!
You die... #########~~~... ........#~~~~.## ## ...⌠....#~~~~##$ .##.#### ..∩.∩...#~~~~#.. .. ...# .∩.∩.∩..#~~### B#B

###..## ∩.∩.∩.∩.#~##.#
#+###.##..#
.....∩.∩#~#.#.##.##..##..# #
∩.....∩.'~'###÷.<.'##.'..### .##
.......∩#~#.#.##@##..##....###.^.
▓▓▓▓▓▓###~##.###z###.##.§....~~~~
??Y######~~####zz.####~~.....~#+#


$JJ#Z ##~~~#z##..#~~~~§~§..~#.. ∩P(+.$ +#~##.####~~~~~§~~.~#._ )$.
#~~##z##~~~≈§≈~~~~~#_. /. #~~°z~~~~~~≈≈≈≈~~~#._ #'z'#+++#~≈§§§≈≈≈~#_. #°°z§z○
##§≈≈###≈≈#._ You could see 4 flying skulls.

Vanquished Creatures
  5 flying skulls (D)
  2 wyverns (D)
  4 neqoxecs (D)
  Menkaure (D)
  4 scorpions (D)
16 creatures vanquished.

Vanquished Creatures (others)
  A water moccasin (D)
1 creature vanquished.

Grand Total: 17 creatures vanquished

Notes
Turn   | Place    | Note
-------+----------+-------------------------------------------
     0 | D        | boopmooplesden the Minotaur Berserker began the quest for
                  | the Orb.
     0 | D        | Reached XP level 1. HP: 19/19 MP: 0/0
     1 | D        | Noticed a boulder beetle
     1 | D        | Noticed a boulder beetle
     5 | D        | Noticed a neqoxec
     5 | D        | Noticed a neqoxec
     5 | D        | Noticed a neqoxec
     5 | D        | Noticed a neqoxec
     5 | D        | Gained mutation: You occasionally shout uncontrollably at
                  | your foes. [a neqoxec]
     8 | D        | Gained mutation: You are partially covered in iridescent
                  | scales. (AC +2) [a neqoxec]
    13 | D        | Killed a neqoxec
    14 | D        | Reached skill level 8 in Long Blades
    14 | D        | Reached XP level 2. HP: 35/35 MP: 1/1
    14 | D        | Reached XP level 3. HP: 40/40 MP: 2/2
    14 | D        | Reached XP level 4. HP: 48/48 MP: 3/3
    17 | D        | Killed a neqoxec
    17 | D        | Gained mutation: You are clumsy. (Dex -2) [a neqoxec]
    18 | D        | Reached skill level 10 in Long Blades
    18 | D        | Reached skill level 5 in Armour
    18 | D        | Reached XP level 5. HP: 57/57 MP: 4/4
    21 | D        | Gained mutation: You sometimes lose your temper in combat.
                  | [a neqoxec]
    26 | D        | Killed a neqoxec
    26 | D        | Reached ** piety under Trog
    27 | D        | Reached skill level 10 in Fighting
    27 | D        | Reached skill level 11 in Long Blades
    27 | D        | Reached skill level 5 in Dodging
    27 | D        | Reached XP level 6. HP: 37/67 MP: 5/5
    33 | D        | Gained mutation: You occasionally lose the ability to read
                  | scrolls when taking damage. [a neqoxec]
    35 | D        | Killed a neqoxec
    36 | D        | Reached skill level 12 in Long Blades
    66 | D        | Killed a water moccasin
   277 | D        | Reached XP level 7. HP: 74/74 MP: 6/6
   284 | D        | Reached skill level 13 in Long Blades
   288 | D        | Reached *** piety under Trog
   501 | D        | Noticed a wyvern
   501 | D        | Noticed a wyvern
   507 | D        | Killed a wyvern
   508 | D        | Reached skill level 14 in Long Blades
   511 | D        | Killed a wyvern
   512 | D        | Reached XP level 8. HP: 36/85 MP: 7/7
   516 | D        | Found Qokecell's Antique Armour Boutique.
   516 | D        | Found Pofyot's Jewellery Shop.
   516 | D        | Found Lizxeib's Assorted Antiques.
   516 | D        | Found Tuechoase's Antique Weapon Boutique.
   516 | D        | Found Orphesk's Antique Armour Shop.
   517 | D        | Found Foeseg's Distillery.
   517 | D        | Found Muselo's Magic Scroll Shop.
   517 | D        | Found Pubros's Jewellery Shop.
   521 | D        | Found Pomiqit's Jewellery Boutique.
   521 | D        | Found Zist's Distillery.
   521 | D        | Found Witin's Jewellery Boutique.
   521 | D        | Noticed Menkaure
   521 | D        | Noticed a death yak
   534 | D        | Killed Menkaure
   534 | D        | Reached **** piety under Trog
   536 | D        | Found Quqegay's Jewellery Boutique.
   536 | D        | Noticed an oklob plant
   536 | D        | Noticed a slime creature
   537 | D        | Found Qeyw's Magic Scroll Shop.
   537 | D        | Found Fiumohos's Book Boutique.
   537 | D        | Found Limak's Book Shoppe.
   538 | D        | Noticed a slime creature
   539 | D        | Noticed a slime creature
   540 | D        | Bought a fading scale mail for 261 gold pieces
   540 | D        | Identified the +0 scale mail of Supple Strength {rF+ Str+2}
                  | (You bought it in a shop in the Dungeon)
   566 | D        | Bought the ring of Waiporch {Fly rCorr SInv Stlth+} for 455
                  | gold pieces
   816 | D        | Found a stormy altar of Qazlal.
   816 | D        | Found an ornate altar of the Wu Jian Council.
   817 | D        | Found a hazy altar of Hepliaklqana.
   817 | D        | Found a sacrificial altar of Ru.
   817 | D        | Found a shimmering altar of Xom.
   818 | D        | Found a viscous altar of Jiyva.
   818 | D        | Found a shimmering blue altar of Sif Muna.
   819 | D        | Found a glowing golden altar of the Shining One.
   819 | D        | Found a basalt altar of Yredelemnul.
   827 | D        | Noticed Roxanne
   842 | D        | Noticed a flying skull
   842 | D        | Noticed a flying skull
   842 | D        | Noticed a flying skull
   842 | D        | Noticed a flying skull
   843 | D        | Noticed a flying skull
   843 | D        | Noticed a flying skull
   843 | D        | Noticed a flying skull
   843 | D        | Noticed a flying skull
   844 | D        | Noticed a flying skull
   844 | D        | Noticed a flying skull
   844 | D        | Noticed a flying skull
   846 | D        | Noticed a flying skull
   862 | D        | Killed a flying skull
   863 | D        | Reached skill level 15 in Long Blades
   868 | D        | Killed a flying skull
   878 | D        | Killed a flying skull
   883 | D        | Killed a flying skull
   883 | D        | Reached ***** piety under Trog
   884 | D        | Reached skill level 16 in Long Blades
   887 | D        | Killed a flying skull
   890 | D        | HP: 1/135 [flying skull (10)]
   892 | D        | Mangled by a flying skull

Illustrated notes

Levels and vault maps discovered:
D:        the_violet_keep_of_menkaure [sprint2_stairs_cluster_1,
          sprint2_shoproom, sprint2_temple, sprint2_basic_supplies,
          sprint2_obstacle_1, sprint2_obstacle_6, sprint2_obstacle_7,
          sprint2_obstacle_3, sprint2_obstacle_2, sprint2_timed_cluster_1,
          sprint2_smallroom_cluster_1, sprint2_smallroom_final_cluster_1,
          sprint2_transparent_cluster_1, sprint2_second_timed_cluster_1,
          sprint2_sniper_area_1, sprint2_heavy_combat_area_1,
          sprint2_mutation_trap_area_1, sprint2_forest_area_1,
          sprint2_light_combat_area_1, sprint2_behind_water_1,
          sprint2_near_end_vault_1]

Skill      XL: |  1  2  3  4  5  6  7  8 |
---------------+-------------------------+-----
Fighting       | 7 9 10 11 12 14 | 14.4
Long Blades    | 8 10 11 12 14 16 | 16.4
Armour         | 4 5 6 7 |  7.9
Dodging        | 3 4 5 6 7 |  7.4
Stealth        | |  0.6

Action                   |  1- 3 |  4- 6 |  7- 9 || total
-------------------------+-------+-------+-------++-------
Melee: Falchion          |     7 |    24 |    57 ||    88
       Headbutt          |       |     4 |     6 ||    10
       Punch             |       |     1 |       ||     1
Invok: Berserk           |     1 |       |     1 ||     2
Armor: Animal skin       |       |       |     2 ||     2
       Scale mail        |       |       |     3 ||     3
Dodge: Dodged            |     1 |     5 |    23 ||    29
